 Dungeon Crawl Stone Soup version 0.19.1 (webtiles) character file.

671 nikopol the Skirmisher (level 7, -10/66 HPs)
             Began as a Gargoyle Berserker on Dec 11, 2016.
             Was an Elder of Trog.
             Mangled by an orc warrior
             ... wielding a +0 long sword
              (15 damage)
             ... on level 5 of the Dungeon.
             The game lasted 00:11:32 (4595 turns).

nikopol the Skirmisher (Gargoyle Berserker)         Turns: 4595, Time: 00:11:34

Health: -10/66     AC: 16    Str: 27    XL:     7   Next: 58%
Magic:  7/7        EV: 11    Int:  7    God:    Trog [****..]
Gold:   201        SH:  0    Dex: 10    Spells: 0 memorised, 6 levels left

rFire  . . .     SeeInvis .     a - +0 hand axe
rCold  . . .     Gourm    +     u - +0 scale mail
rNeg   + . .     Faith    .     (no shield)
rPois  ∞         Spirit   .     (no helmet)
rElec  +         Reflect  .     w - +0 cloak
rCorr  .         Harm     .     b - +1 pair of gloves
MR     +....                    E - +0 pair of boots
Stlth  ..........               l - amulet of the gourmand
                                n - ring of protection from magic
                                (no ring)

@: berserking, marked, very quick
A: negative energy resistance 1, electricity resistance, unbreathing,
petrification resistance, rot immunity, AC +4
a: Berserk, Trog's Hand, Brothers in Arms, Burn Spellbooks, Renounce Religion


You were on level 5 of the Dungeon.
You worshipped Trog.
Trog was greatly pleased with you.
You were full.

You visited 1 branch of the dungeon, and saw 6 of its levels.
You also visited: Sewer.

You collected 201 gold pieces.

Inventory:

Hand Weapons
 a - a +0 hand axe (weapon)
 z - a +0 shortbow
Missiles
 r - 51 arrows (quivered)
Armour
 b - a +1 pair of gloves (worn)
 u - a +0 scale mail (worn)
 w - a +0 cloak (worn)
 E - a +0 pair of boots (worn)
Jewellery
 l - an amulet of the gourmand (around neck)
 n - a ring of protection from magic (right hand)
Scrolls
 e - 4 scrolls of enchant weapon {unknown}
 h - 3 scrolls of magic mapping {unknown}
 i - a scroll of blinking {unknown}
 m - a scroll of recharging {unknown}
 o - 2 scrolls of teleportation {unknown}
 p - 7 scrolls of remove curse {unknown}
 t - a scroll of immolation {unknown}
 v - a scroll of amnesia {unknown}
Potions
 d - 2 potions of resistance {unknown}
 f - 2 potions of flight {unknown}
 j - a potion of mutation {unknown}
 k - 10 potions of curing {unknown}
 s - a potion of ambrosia {unknown}
 x - a potion of degeneration {unknown}
 B - a potion of invisibility {unknown}
 C - a potion of lignification {unknown}
 D - 2 potions of heal wounds {unknown}
Books
 y - a book of Maledictions

   Spells                             Type                      Level
   a - Corona                         Hexes                        1
   b - Ensorcelled Hibernation        Hexes/Ice                    2
   c - Confuse                        Hexes                        3
   d - Tukima's Dance                 Hexes                        3
   e - Dazzling Spray                 Conjuration/Hexes            3
   Trog disapproves of the use of such an item.
Comestibles
 c - 5 bread rations
 g - 5 meat rations
 q - 4 fruits
 A - a beef jerky


   Skills:
 + Level 4.9 Fighting
 * Level 4.5 Axes
 * Level 1.8 Bows
 + Level 4.4 Armour
 + Level 3.9 Dodging


You had 6 spell levels left.
You didn't know any spells.

Dungeon Overview and Level Annotations

Branches:
Dungeon (6/15)             Temple (0/1) D:4

Altars:
Ru


Innate Abilities, Weirdness & Mutations

You are resistant to torment.
Your stone body is resilient. (AC +4)
You are immune to poison.
You resist negative energy. (rN+)
You are resistant to electric shocks. (rElec)
You can survive without breathing.
You are immune to petrification.
You are immune to rotting.


Message History

The orc warrior barely misses you.
The orc wizard hits you but does no damage.
You slash the orc wizard!
The orc wizard is almost dead.
You closely miss the orc warrior. The orc wizard closely misses you.
The orc warrior hits you but does no damage.
You hit the orc wizard.
You kill the orc wizard!
Trog accepts your kill.
Trog appreciates your killing of a magic user.
You hit the orc warrior but do no damage.
You closely miss the orc warrior.
The orc warrior hits you with a long sword!
* * * LOW HITPOINT WARNING * * *
You slash the orc warrior!
The orc warrior is heavily wounded.
You slash the orc warrior!
The orc warrior is almost dead.
The orc warrior hits you with a long sword!
You die...

###.#.##..##..#.# #.#
#...##........###########.#
#######.##..[........<....#
#........##############
#.##.#.#.### #.##...#...#
#.###..###.# ##.###..###.#
#....#)@o.#.# #..#.##.###.#
#..#.##.....# ####.....####
#####.### ######...#
######....###.#####
#....#.##.###.....#
#.##.#.......####.# #


You could see an orc warrior.

Vanquished Creatures
  2 bullfrogs (Sewer)
  A howler monkey (D:4)
  An orc wizard (D:5)
  2 iguanas
  3 worker ants (D:5)
  A worker ant zombie (D:5)
  16 adders
  14 oozes
  An adder skeleton (D:5)
  A worm (D:2)
  A dart slug (D:1)
  12 leopard geckos
  7 orcs
  9 ball pythons
  14 giant cockroaches
  8 goblins
  7 hobgoblins
  9 jackals
  5 kobolds
  2 bats
  11 frilled lizards
  A quokka zombie (D:5)
  3 rats
131 creatures vanquished.

Notes
Turn   | Place    | Note
-------+----------+-------------------------------------------
     0 | D:1      | nikopol the Gargoyle Berserker began the quest for the Orb.
     0 | D:1      | Reached XP level 1. HP: 14/14 MP: 1/1
   110 | D:1      | Reached XP level 2. HP: 15/19 MP: 2/2
   389 | D:1      | Reached XP level 3. HP: 22/23 MP: 3/3
   699 | D:1      | You fall through a shaft!
   867 | D:2      | Reached XP level 4. HP: 27/29 MP: 4/4
   937 | D:1      | Reached ** piety under Trog
  1638 | D:3      | Reached XP level 5. HP: 33/33 MP: 5/5
  1889 | D:3      | Found a sacrificial altar of Ru.
  2246 | D:4      | Found a glowing drain.
  2270 | Sewer    | Entered a sewer
  2289 | Sewer    | Reached *** piety under Trog
  2466 | Sewer    | Reached XP level 6. HP: 35/38 MP: 6/6
  2788 | Sewer    | Reached **** piety under Trog
  2811 | Sewer    | Reached XP level 7. HP: 23/44 MP: 7/7
  3112 | D:4      | Found a staircase to the Ecumenical Temple.
  3855 | D:5      | Entered Level 5 of the Dungeon
  4019 | D:5      | Reached skill level 1 in Bows
  4595 | D:5      | Mangled by an orc warrior

Skill      XL: |  1  2  3  4  5  6  7 |
---------------+----------------------+-----
Dodging        | 2 3 |  3.9
Armour         | 3 4 |  4.4
Axes           | 3 4 |  4.5
Fighting       | 4 |  4.9
Bows           | 1 |  1.8

Action                   |  1- 3 |  4- 6 |  7- 9 || total
-------------------------+-------+-------+-------++-------
Melee: Hand axe          |    73 |   306 |   113 ||   492
 Fire: Shortbow          |       |       |    29 ||    29
Invok: Berserk           |       |       |     1 ||     1
  Eat: Chunk             |    11 |    10 |     3 ||    24
Armor: Ring mail         |    27 |    40 |       ||    67
       Animal skin       |     2 |       |       ||     2
       Scale mail        |       |   167 |    69 ||   236
Dodge: Dodged            |    49 |   264 |    63 ||   376
